 Dungeon Crawl Stone Soup version 0.25-a0-424-g80bd347ae0 (webtiles) character file.

Game seed: 17392316617931293393, levelgen mode: deterministic

55 kae the Gusty (level 3, 0/39 HPs)
             Began as a Draconian Air Elementalist on Jan 23, 2020.
             Succumbed to Ijyb's poison
             ... on level 3 of the Dungeon.
             The game lasted 00:02:31 (2874 turns).

kae the Gusty (Draconian Air Elementalist)          Turns: 2874, Time: 00:02:32

Health: 0/39       AC: 21    Str:  7 (10) XL:     3   Next: 67%
Magic:  1/7        EV:  2    Int: 14 (16) God:
Gold:   56         SH:  0    Dex: 10 (11) Spells: 6/7 levels left

rFire    . . .     SeeInvis .   c - +0 spear
rCold    . . .     Gourm    .   (no shield)
rNeg     + + +     Faith    .   (armour unavailable)
rPois    +         Spirit   .   (helmet currently unavailable)
rElec    .         Reflect  .   (cloak currently unavailable)
rCorr    .         Harm     .   (gloves currently unavailable)
MR       .....     NoTele   +   (boots currently unavailable)
Stlth    ++........             (no amulet)
HPRegen  0.13/turn              (no ring)
MPRegen  0.10/turn              (no ring)

@: lethally poisoned (0 -> -15), tree-form, hasted, very quick
A: unfitting armour, AC +5
a: no special abilities


You were on level 3 of the Dungeon.
You were very hungry.
You were a tree.
You visited 1 branch of the dungeon, and saw 3 of its levels.

You collected 56 gold pieces.

Inventory:

Hand Weapons
 c - a +0 spear (weapon)
Armour
 f - a scarf of repulsion (melded)
Scrolls
 a - a scroll of remove curse
Comestibles
 b - 14 rations


   Skills:
 - Level 1.7 Dodging
 - Level 1.7 Stealth
 + Level 2.6 Spellcasting
 - Level 1.0 Conjurations
 * Level 4.2 Air Magic


You had 6 spell levels left.
You knew the following spells:

 Your Spells              Type           Power        Failure   Level  Hunger
a - Shock                 Conj/Air       #...         8%          1    #......

Your spell library contained the following spells:

 Spells                   Type           Power        Failure   Level  Hunger
 Swiftness                Chrm/Air       #.......     14%         2    ###....
 Static Discharge         Conj/Air       #.......     22%         3    ###....
 Airstrike                Air            ##........   36%         4    #####..
 Lightning Bolt           Conj/Air       #.........   91%         5    ######.


Dungeon Overview and Level Annotations

Branches:
Dungeon (3/15)

Altars:
Elyvilon
Kikubaaqudgha

Annotations:
D:3 Ijyb


Innate Abilities, Weirdness & Mutations

((Your plain brown scales are hard. (AC +5)))
You cannot fit into any form of body armour.
((You are cold-blooded and may be slowed by cold attacks.))


Message History

Ijyb barely misses you.
You hit Ijyb but do no damage.
Ijyb is lightly wounded.
* * * LOW HITPOINT WARNING * * *
You feel sick.
You hit Ijyb but do no damage.
Ijyb is lightly wounded.
Ijyb hits you but does no damage.
You hit Ijyb but do no damage.
Ijyb is lightly wounded.
* * * LOW HITPOINT WARNING * * *
You feel sick. Ijyb hits you but does no damage.
You are more poisoned.
You hit Ijyb but do no damage.
Ijyb is lightly wounded.
* * * LOW HITPOINT WARNING * * *
You feel sick. Ijyb hits you but does no damage.
You barely miss Ijyb.
Ijyb is lightly wounded.
You die...

.. #.≈ .≈.≈ #.# #. #.≈
≈.. #.# #. #.# #.. #g#
#. #.# #.# #.# #. #.#
#.# # #.# ##.##.###.##.#
#g# ##...#........# #.#
...#....)..###########.#
#...#####......♣gg....#
##.## #.#############
#.######.# .........#
###########


You could see Ijyb and a goblin.

Vanquished Creatures
  An adder (D:2)
  2 worms (D:2)
  A dart slug (D:2)
  5 giant cockroaches
  7 goblins
  4 hobgoblins
  3 kobolds
  3 quokkas
  2 ball pythons
  3 bats
  3 frilled lizards
  2 rats
36 creatures vanquished.

Notes
Turn   | Place    | Note
-------+----------+-------------------------------------------
     0 | D:1      | kae the Draconian Air Elementalist began the quest for the
                  | Orb.
     0 | D:1      | Reached XP level 1. HP: 14/14 MP: 3/3
   403 | D:1      | Reached XP level 2. HP: 20/20 MP: 3/5
   490 | D:1      | You fall into a shaft and drop 1 floor!
   944 | D:2      | HP: 1/20 [worm (10)]
  1295 | D:2      | Found a white marble altar of Elyvilon.
  1495 | D:2      | Found an ancient bone altar of Kikubaaqudgha.
  1618 | D:2      | Reached XP level 3. HP: 23/26 MP: 0/6
  1774 | D:2      | Reached skill level 4 in Air Magic
  2826 | D:3      | Noticed Ijyb
  2873 | D:3      | HP: 1/39 [poisoned by Ijyb]
  2874 | D:3      | Succumbed to Ijyb's poison

Levels and vault maps discovered:
D:1:      dpeg_arrival_round_c, layout_basic, nrook_campfire
D:2:      layout_loops_ring, old_standard_altar, marbit_many_paths,
          first_ration, serial_rivers, chequers_serial_rivers_room_b,
          chequers_serial_rivers_small_b, chequers_serial_rivers_room_a,
          chequers_serial_rivers_micro_b, minivault_26,
          minmay_misc_feat_ornament, corexii_shack, minmay_misc_feat_iff
D:3:      layout_loops_ring, chequers_ecumenical_altar_island, bloody_trog,
          uniq_ijyb

Skill      XL: |  1  2  3 |
---------------+----------+-----
Air Magic      | 4 |  4.2
Dodging        | |  1.7
Stealth        | |  1.7
Spellcasting   | |  2.6
Conjurations   | |  1.0

Action                   || total
-------------------------++-------
Melee: Unarmed           ||    31
       Tailslap          ||    11
       Club              ||    47
       Spear             ||    28
 Cast: Shock             ||    83
  Use: Scroll            ||     5
       Potion            ||     5
 Stab: Sleeping          ||     1
  Eat: Chunk             ||     6
Armor: Skin              ||    32
Dodge: Dodged            ||    75
       Deflected         ||     4

Table legend:
 A = Non-vault XP
 B = Vault XP
 C = Vault XP percentage of total XP
 D = Non-vault monster count
 E = Vault monster count
 F = Vault count percentage of total count
                 A         B        C        D         E       F
            +---------+---------+-------+---------+---------+-------
      Total |      75 |       4 |   5.1 |      34 |       2 |   5.6
            +---------+---------+-------+---------+---------+-------
        D:1 |      15 |       0 |   0.0 |      10 |       0 |   0.0
        D:2 |      49 |       4 |   7.5 |      16 |       2 |  11.1
        D:3 |      11 |       0 |   0.0 |       8 |       0 |   0.0
            +---------+---------+-------+---------+---------+-------
